 Dungeon Crawl Stone Soup version 0.24-a0-408-gcc1054c7ca (webtiles) character file.

Game seed: 7763153415035655248

1447 bubble the Covert (level 8, 0/72 HPs)
             Began as a Naga Assassin on June 6, 2019.
             Splashed by a jelly's acid (9 damage)
             ... on level 6 of the Dungeon.
             The game lasted 00:18:53 (5691 turns).

bubble the Covert (Naga Assassin)                   Turns: 5691, Time: 00:18:53

Health: 0/72       AC:  2    Str: 16    XL:     8   Next: 75%
Magic:  8/8        EV:  8    Int: 12    God:
Gold:   283        SH:  4    Dex: 14    Spells: 7/7 levels left

rFire    . . .     SeeInvis +   a - +3 dagger
rCold    . . .     Gourm    .   h - +0 buckler
rNeg     . . .     Faith    .   i - +0 ring mail
rPois    +         Spirit   .   p - +0 helmet
rElec    .         Reflect  .   c - +2 cloak
rCorr    .         Harm     .   u - +2 pair of gloves
MR       +....                  (no barding)
Stlth    ++++......             n - amulet of regeneration
HPRegen  0.62/turn              y - ring of wizardry
MPRegen  0.11/turn              (no ring)

@: corroded, very slow
A: large, see invisible, agile 1, deformed body, poison resistance, slowness 2,
slow metabolism 1, spit poison 1, wild magic 1, AC +2
a: Spit Poison


You were on level 6 of the Dungeon.
You were not hungry.

You visited 2 branches of the dungeon, and saw 7 of its levels.

You collected 283 gold pieces.

Inventory:

Hand Weapons
 a - a +3 dagger (weapon)
Missiles
 d - 19 poisoned darts (quivered)
 e - 7 curare-tipped darts
 q - 5 boomerangs
 E - a throwing net
Armour
 b - a +0 robe
 c - a +2 cloak (worn)
 h - a +0 buckler (worn)
 i - a +0 ring mail (worn)
 p - a +0 helmet (worn)
 u - a +2 pair of gloves (worn)
Jewellery
 n - an amulet of regeneration (around neck)
 y - a ring of wizardry (left hand)
Wands
 l - a wand of paralysis (9)
 v - a wand of digging (4)
Scrolls
 k - a scroll of acquirement {unknown}
 m - 2 scrolls of magic mapping
 r - a scroll of fog {unknown}
 s - a scroll of random uselessness {unknown}
 t - a scroll of teleportation {unknown}
 w - a scroll of blinking {unknown}
 B - a scroll of enchant weapon
 D - a scroll of noise {unknown}
Potions
 j - 3 potions of flight
 o - a potion of resistance
 x - 2 potions of lignification {unknown}
 z - 3 potions of curing
 A - a potion of haste {unknown}
 C - a potion of heal wounds
Comestibles
 f - 9 rations
 g - a chunk of flesh


   Skills:
 + Level 3.9 Fighting
 + Level 4.7 Short Blades
 + Level 1.9 Throwing
 * Level 6.0 Armour
 - Level 0.7 Dodging
 + Level 9.3 Stealth
 + Level 1.1 Shields


You had 7 spell levels left.
You didn't know any spells.
Your spell library was empty.

Dungeon Overview and Level Annotations

Branches:
Dungeon (6/15)             Temple (1/1) D:6

Altars:
Ashenzari
Cheibriados
Elyvilon
Kikubaaqudgha
Nemelex Xobeh
Okawaru
Qazlal
Sif Muna
Uskayaw
Wu Jian
Xom
Yredelemnul
Zin
The Shining One

Annotations:
D:1 exclusion: downstairs
D:2 1 runed translucent door, Crazy Yiuf
D:4 3 runed translucent doors, kaladindcss's ghost, amateur HOFi
D:6 1 runed translucent door, Tungsten's ghost, amateur DDEE


Innate Abilities, Weirdness & Mutations

You cannot wear boots.
Your serpentine skin is tough. (AC +2)
You have supernaturally acute eyesight. (SInv)
Armour fits poorly on your strangely shaped body.
Your system is resistant to poisons. (rPois)
You cover ground very slowly.
You have a slow metabolism.
You can spit poison.
You are agile. (Dex +2)
Your spells are a little harder to cast, but a little more powerful.


Message History

You hit the jelly but do no damage.
Your hands burn!
* * * LOW HITPOINT WARNING * * *
The jelly is severely wounded.
You block the jelly's attack.
You hit the jelly.
Your hands burn!
* * * LOW HITPOINT WARNING * * *
The jelly is severely wounded.
You hit the jelly but do no damage.
Your hands burn!
* * * LOW HITPOINT WARNING * * *
The jelly is severely wounded.
The jelly barely misses you.
Unknown command.
Evoke which item? (* to show all) (? for menu, Esc to quit)
Okay, then.
You block the jelly's attack. The jelly hits you but does no damage.
The jelly hits you.
* * * LOW HITPOINT WARNING * * *
You are splashed with acid!
You die...

##..##..#..........
#..##.....#.......
#.....##.#........
##....#####........
####.....#####..##....
#..........##......###
##.#.#.#.#.#.#.#......#
#.⌠...⌠...⌠...⌠........
##.#.#@#.#.#.#.#...##..
#...⌠..J⌠...⌠...#### .
##.#.#.#.#.#.#.## #
.⌠...⌠...⌠...⌠.#
##.#.#.#.#.#.#.##
#...⌠...⌠...⌠...#
##.#.#.#.#.#.#.##
#.⌠...⌠...⌠...⌠.#
##.#.#.#.#.#.#.##


You could see a jelly.

Vanquished Creatures
  Sigmund (D:6)
  Menkaure (D:5)
  An orc warrior (Temple)
  3 ogres
  A phantom (D:4)
  3 bullfrogs
  An electric eel (D:6)
  A crimson imp (D:5)
  A hound (D:4)
  An iguana (D:5)
  An orc wizard (D:4)
  4 worker ants
  Jessica (D:2)
  A hound zombie (D:6)
  A hound skeleton (D:4)
  A howler monkey zombie (D:6)
  Robin (D:2)
  4 gnolls
  9 adders
  A shadow imp (D:5)
  An ooze (D:2)
  2 adder skeletons
  A leopard gecko (D:2)
  15 orcs
  4 giant cockroaches
  13 goblins
  5 hobgoblins
  2 quokkas (D:4)
  5 bats
  6 frilled lizards
  5 kobolds (D:1)
  A leopard gecko skeleton (D:4)
  A quokka skeleton (D:4)
  3 rats
102 creatures vanquished.

Vanquished Creatures (others)
  7 toadstools (D:5)
7 creatures vanquished.

Grand Total: 109 creatures vanquished

Notes
Turn   | Place    | Note
-------+----------+-------------------------------------------
     0 | D:1      | bubble the Naga Assassin began the quest for the Orb.
     0 | D:1      | Reached XP level 1. HP: 19/19 MP: 1/1
    97 | D:1      | Reached skill level 6 in Stealth
   444 | D:1      | Reached XP level 2. HP: 24/26 MP: 2/2
   838 | D:2      | Noticed Jessica
  1056 | D:2      | Reached XP level 3. HP: 19/32 MP: 3/3
  1220 | D:2      | Killed Jessica
  1220 | D:2      | Reached skill level 7 in Stealth
  1946 | D:2      | Noticed Robin
  2164 | D:2      | Reached XP level 4. HP: 39/39 MP: 4/4
  2300 | D:2      | Killed Robin
  2300 | D:2      | Reached skill level 1 in Armour
  2491 | D:2      | Found a runed translucent door.
  2492 | D:2      | Noticed Crazy Yiuf
  2986 | D:3      | Found a hide-covered altar of Uskayaw.
  2989 | D:3      | Noticed a +0 dagger
  2989 | D:3      | Noticed a +0 hand axe
  3067 | D:3      | Reached XP level 5. HP: 38/46 MP: 5/5
  3860 | D:4      | Noticed a phantom
  3980 | D:4      | Noticed an ogre
  3987 | D:4      | Killed an ogre
  3987 | D:4      | Reached XP level 6. HP: 55/55 MP: 6/6
  4050 | D:4      | Found a runed translucent gate.
  4050 | D:4      | Found a runed translucent gate.
  4050 | D:4      | Found a runed translucent gate.
  4051 | D:4      | Noticed kaladindcss's ghost (amateur HOFi)
  4061 | D:4      | Gained mutation: Your flesh is cold resistant. (rC+)
                  | [potion of mutation]
  4061 | D:4      | Gained mutation: You have a pair of small horns on your
                  | head. [potion of mutation]
  4063 | D:4      | Noticed a phantom
  4095 | D:4      | Found an ancient bone altar of Kikubaaqudgha.
  4298 | D:4      | Killed a phantom
  4298 | D:4      | Reached skill level 8 in Stealth
  4452 | D:4      | Reached XP level 7. HP: 61/61 MP: 7/7
  4553 | D:5      | Entered Level 5 of the Dungeon
  4787 | D:5      | Noticed Menkaure
  4799 | D:5      | Killed Menkaure
  4965 | D:5      | You fall into a shaft and drop 1 floor!
  4966 | D:6      | Noticed Sigmund
  4971 | D:6      | Killed Sigmund
  4971 | D:6      | Reached skill level 5 in Armour
  4971 | D:6      | Reached XP level 8. HP: 68/69 MP: 8/8
  4972 | D:6      | Found a runed translucent door.
  4975 | D:6      | Noticed Tungsten's ghost (amateur DDEE)
  4986 | D:6      | Found a staircase to the Ecumenical Temple.
  4995 | Temple   | Entered the Ecumenical Temple
  4996 | Temple   | Lost mutation: You have a pair of small horns on your head.
                  | [potion of mutation]
  4996 | Temple   | Lost mutation: Your flesh is cold resistant. (rC+) [potion
                  | of mutation]
  4996 | Temple   | Gained mutation: Your spells are a little harder to cast,
                  | but a little more powerful. [potion of mutation]
  4996 | Temple   | Gained mutation: You are agile. (Dex +2) [potion of
                  | mutation]
  5154 | Temple   | Reached skill level 9 in Stealth
  5163 | Temple   | HP: 1/70 [orc warrior/+0 short sword (14)]
  5379 | D:6      | Found a glowing golden altar of the Shining One.
  5445 | D:5      | Reached skill level 1 in Shields
  5691 | D:6      | Splashed by a jelly's acid

Levels and vault maps discovered:
D:1:      psy_arrival_fountain, layout_basic
D:2:      layout_basic, first_ration, uniq_robin, uniq_jessica,
          uniq_crazy_yiuf_cottage
D:3:      layout_basic, dancing_weapons_uskayaw
D:4:      layout_cave_pods, kiku_gazebo_garden_becter,
          gammafunk_ghost_nasty_kobolds
D:5:      cheibrodos_fertilizer, layout_cave_pools, kennysheep_mini_moat,
          uniq_menkaure
D:6:      layout_cave_pools, kennysheep_little_box,
          minmay_temple_entry_mini_moons, gammafunk_ghost_grave,
          kennysheep_crisscross, nicolae_water_bricks, uniq_sigmund
Temple:   jpeg_temple_clearing

Skill      XL: |  1  2  3  4  5  6  7  8 |
---------------+-------------------------+-----
Stealth        | 6 7 8 9 |  9.3
Armour         | 1 3 5 6 |  6.0
Short Blades   | 3 4 |  4.7
Fighting       | 3 |  3.9
Shields        | 1 |  1.1
Throwing       | |  1.9
Dodging        | |  0.7

Action                   |  1- 3 |  4- 6 |  7- 9 || total
-------------------------+-------+-------+-------++-------
Melee: Dagger            |   161 |   160 |   241 ||   562
       Headbutt          |       |     7 |    12 ||    19
 Abil: Spit Poison       |     5 |    10 |    16 ||    31
  Use: Scroll            |     5 |     7 |     3 ||    15
       Potion            |       |     1 |     5 ||     6
 Stab: Sleeping          |     7 |     8 |     4 ||    19
       Distracted        |       |     1 |       ||     1
  Eat: Chunk             |     3 |     7 |     4 ||    14
Armor: Robe              |     8 |       |       ||     8
       Ring mail         |    31 |    59 |   127 ||   217
Dodge: Dodged            |    60 |    59 |    92 ||   211
Block: Buckler           |       |     6 |    33 ||    39

Table legend:
 A = Non-vault XP
 B = Vault XP
 C = Vault XP percentage of total XP
 D = Non-vault monster count
 E = Vault monster count
 F = Vault count percentage of total count
                 A         B        C        D         E       F
            +---------+---------+-------+---------+---------+-------
      Total |    1621 |     447 |  21.6 |      88 |      14 |  13.7
            +---------+---------+-------+---------+---------+-------
        D:1 |      20 |       3 |  13.0 |      13 |       2 |  13.3
        D:2 |      51 |      67 |  56.8 |      13 |      10 |  43.5
        D:3 |      36 |       0 |   0.0 |       9 |       0 |   0.0
        D:4 |     441 |       0 |   0.0 |      24 |       0 |   0.0
        D:5 |     335 |     169 |  33.5 |      12 |       1 |   7.7
        D:6 |     420 |     208 |  33.1 |      14 |       1 |   6.7
     Temple |     318 |       0 |   0.0 |       3 |       0 |   0.0
            +---------+---------+-------+---------+---------+-------
